 Dungeon Crawl Stone Soup version 0.32-a0-841-g4648e6c457 (webtiles) character file.

Game seed: 10034613275152819054

651 cforsyth the Caller (level 7, -2/36 HPs)
             Began as a Deep Elf Summoner on Mar 26, 2024.
             Incinerated by a bombardier beetle (6 damage)
             ... with a burning spray
             ... on level 5 of the Dungeon.
             The game lasted 00:08:06 (4279 turns).

cforsyth the Caller (Deep Elf Summoner)             Turns: 4279, Time: 00:08:06

Health: -2/36      AC:  5    Str:  5    XL:     7   Next: 28%
Magic:  22/27      EV: 11    Int: 30    God:
Gold:   109        SH:  0    Dex: 15    Spells: 5/19 levels left

rFire   . . .        o - +1 long sword "Littimmy" {protect, Will+ Int+8}
rCold   . . .        (no shield)
rNeg    + . .        a - +0 robe
rPois   .            m - +0 helmet
rElec   .            i - +0 cloak
rCorr   .            v - +0 pair of gloves
SInv    .            (no boots)
Will    +....        (no amulet)
Stlth   +            N - ring of positive energy
HPRegen 0.26/turn    M - ring of magical power
MPRegen 0.20/turn

%: no passive effects
@: mighty, on fire, attractive, unable to call your familiar, glowing
A: no striking features
a: no special abilities


You were on level 5 of the Dungeon.
You visited 2 branches of the dungeon, and saw 6 of its levels.

You collected 271 gold pieces.
You spent 162 gold pieces at shops.


   Skills:
 - Level 2.4 Dodging
 - Level 2.4 Stealth
 + Level 6.6 Spellcasting
 + Level 6.6 Summonings
 + Level 3.3 Fire Magic
 + Level 3.3 Air Magic


You had 5 spell levels left.
You knew the following spells:

 Your Spells              Type           Power      Damage    Failure   Level
c - Call Imp              Summ           98%        N/A       1%          2
f - Call Canine Familiar  Summ           49%        N/A       1%          3
l - Summon Lightning Spi  Summ/Air       39%        N/A       6%          4
z - Summon Small Mammal   Summ           100%       N/A       1%          1
X - Summon Blazeheart Go  Fire/Summ      39%        N/A       6%          4

Your spell library contained the following spells:

 Spells                   Type           Power      Damage    Failure   Level
 Cigotuvi's Dreadful Rot  Necr/Alch/Air  32%        N/A       4%          2
 Lesser Beckoning         Tloc           18%        N/A       8%          2
 Gell's Gravitas          Tloc           9%         N/A       16%         3
 Teleport Other           Tloc           9%         N/A       16%         3
 Tukima's Dance           Hex            9%         N/A       16%         3
 Ignite Poison            Fire/Alch      19%        N/A       26%         4
 Dimensional Bullseye     Hex/Tloc       4%         N/A       45%         4
 Iskenderun's Mystic Bla  Conj/Tloc      9%         2d4       45%         4
 Freezing Cloud           Conj/Ice/Air   8%         6-21      65%         5

Inventory:

Hand Weapons
 o - the +1 long sword "Littimmy" (weapon) {protect, Will+ Int+8}
   (You found it on level 3 of the Dungeon)

   Int+8:     It affects your intelligence (+8).
   Will+:     It increases your willpower.
Missiles
 h - 3 throwing nets {=f}
Armour
 a - a +0 robe (worn)
 i - a +0 cloak (worn)
 m - a +0 helmet (worn)
 v - a +0 pair of gloves (worn)
Jewellery
 M - a ring of magical power (right hand)
 N - a ring of positive energy (left hand)
 Z - a ring of wizardry
Scrolls
 c - 3 scrolls of fog {unknown}
 e - 2 scrolls of noise {unknown}
 f - 2 scrolls of enchant armour {unknown}
 j - 3 scrolls of teleportation {unknown}
 k - a scroll of poison {unknown}
 l - 2 scrolls of revelation {unknown}
 q - a scroll of blinking {unknown}
 s - a scroll of amnesia {unknown}
 t - a scroll of immolation {unknown}
 w - a scroll of fear {unknown}
Potions
 b - a potion of magic
 g - a potion of haste {unknown}
 n - a potion of attraction
 p - a potion of curing {@q1}
 r - a potion of cancellation {unknown}
 u - a potion of brilliance {unknown}

Dungeon Overview and Level Annotations

Branches:
Dungeon (5/15)             Temple (1/1) D:5

Altars:
Ashenzari
Cheibriados
Dithmenos
Gozag
Hepliaklqana
Kikubaaqudgha
Nemelex Xobeh
Qazlal
Ru
Trog
Uskayaw
Wu Jian
Xom
Zin

Shops:
D:3 =?***

Annotations:
D:3 2 transporters, 1 runed translucent door, Crazy Yiuf

##...▒...▒.>.▒...
#.....▒.......▒.
#..##...▒.▒.▒...
#..####.........
#..# ##.▒.▒.#.#
#..#####.......#
#.........▒.####
#####.######[..#
#.@.....# #####
#5###.#.# #B#
#.#.# #§# ... #
#.# .... ...
....# #.##....#
#.. ....


You could see a bombardier beetle (ally target) and a friendly cerulean imp
(summoned).


Message History

* * * LOW HITPOINT WARNING * * *
Your inugami burns!
Your cerulean imp barely misses the bombardier beetle.
The bombardier beetle sprays incendiary fluid at you.
The burning spray hits your inugami.
Your inugami barely misses the bombardier beetle.
It was a potion of attraction.
You feel attractive to monsters. The liquid fire burns you!
* * * LOW HITPOINT WARNING * * *
Your inugami burns!
Your inugami dies!
Your inugami disappears in a puff of smoke!
Your cerulean imp hits the bombardier beetle from afar with a +0 spear.
The bombardier beetle is attracted toward you.
Unknown command.
Unknown command.
You feel better. The liquid fire burns you!
* * * LOW HITPOINT WARNING * * *
The bombardier beetle bites your cerulean imp.
Your cerulean imp barely misses the bombardier beetle.
Unknown command.
Unknown command.
Unknown command.
Unknown command.
It was a potion of might.
You feel very mighty all of a sudden. The liquid fire burns you!
You die...

Skill      XL: |  1  2  3  4  5  6 |
---------------+-------------------+-----
Spellcasting   | 4 5 6 |  6.6
Summonings     | 5 6 |  6.6
Air Magic      | 1 2 3 |  3.3
Fire Magic     | 2 3 |  3.3
Dodging        | |  2.4
Stealth        | |  2.4

Action                     |  1- 3 |  4- 6 |  7- 9 || total
---------------------------+-------+-------+-------++-------
  Melee: Unarmed           |     5 |       |       ||     5
         Long sword        |       |    13 |       ||    13
   Cast: Summon Small Mamm |    29 |    27 |     4 ||    60
         Call Imp          |     4 |    13 |     5 ||    22
         Call Canine Famil |     6 |    16 |     6 ||    28
         Summon Lightning  |       |     2 |     4 ||     6
    Use: Scroll            |       |     1 |       ||     1
         Potion            |       |       |     3 ||     3
   Stab: Sleeping          |       |     1 |       ||     1
         Distracted        |       |     1 |       ||     1
 Armour: Robe              |    23 |    26 |     2 ||    51
  Dodge: Dodged            |    35 |    29 |     5 ||    69

Levels and vault maps discovered:
D:1:      enne_arrival_octagon_isle, layout_rooms,
          ebering_ecumenical_altar_webs, chequers_hall_statues_corner_a,
          corexii_corridor_pit
D:2:      layout_loops_cross
D:3:      layout_basic, serial_shops, shop, nicolae_square_shop,
          nicolae_shop_trees, nicolae_shop_drivethru, shop, corexii_shack,
          uniq_jessica, uniq_crazy_yiuf_cottage, uniq_robin
D:4:      layout_basic, nicolae_ru_great_annihilating_truth,
          serial_bayou_pond_c, minmay_a_box_with_orc_wizards_in_it, uniq_grinder
D:5:      layout_loops_corners, minmay_temple_entry_sparse_star,
          minmay_lizard_king
Temple:   oiseaux_autumnal_temple

Notes
Turn   | Place    | Note
-------+----------+-------------------------------------------
     0 | D:1      | cforsyth the Deep Elf Summoner began the quest for the Orb.
     0 | D:1      | Reached XP level 1. HP: 10/10 MP: 6/6
    71 | D:1      | Found a faded altar of an unknown god.
   118 | D:1      | Reached XP level 2. HP: 15/15 MP: 4/8
   457 | D:1      | Reached skill level 4 in Spellcasting
   506 | D:1      | Learned a level 2 spell: Call Imp
   595 | D:1      | Reached skill level 5 in Summonings
   595 | D:1      | Reached XP level 3. HP: 19/19 MP: 6/10
   599 | D:1      | Learned a level 3 spell: Call Canine Familiar
   965 | D:2      | Reached XP level 4. HP: 24/24 MP: 4/12
  1419 | D:2      | Reached skill level 5 in Spellcasting
  1737 | D:3      | Noticed Robin
  1854 | D:3      | Identified the +1 long sword "Littimmy" {protect, Will+
                  | Int+8}
  1883 | D:3      | Found Bulaesm's Assorted Antiques.
  1911 | D:3      | Bought a scroll labelled PULANW IXASKIM for 28 gold pieces
  1911 | D:3      | Bought a scroll labelled FOGAYC MIEMN for 28 gold pieces
  1911 | D:3      | Bought an orange potion for 25 gold pieces
  1911 | D:3      | Bought a scroll labelled PAAMECLOISKU for 28 gold pieces
  1911 | D:3      | Bought a fizzy dark potion for 25 gold pieces
  2028 | D:3      | Found Full's General Store.
  2065 | D:3      | Killed Robin
  2076 | D:3      | Reached skill level 1 in Air Magic
  2135 | D:3      | Found a transporter.
  2135 | D:3      | Found Qivizuut's General Store.
  2140 | D:3      | Found Veofoute's Jewellery Emporium.
  2147 | D:3      | Found Jegiref's Magic Scroll Shop.
  2155 | D:3      | Bought a scroll of identify for 28 gold pieces
  2222 | D:3      | Reached XP level 5. HP: 24/28 MP: 6/14
  2345 | D:3      | Found a transporter.
  2466 | D:3      | Noticed Jessica
  2472 | D:3      | Killed Jessica
  2473 | D:3      | Reached skill level 1 in Fire Magic
  2752 | D:3      | Found a runed translucent door.
  2753 | D:3      | Noticed Crazy Yiuf
  2880 | D:4      | Noticed Grinder
  2895 | D:4      | Killed Grinder
  2896 | D:4      | Reached skill level 6 in Summonings
  2896 | D:4      | Reached skill level 2 in Fire Magic
  2896 | D:4      | Reached skill level 2 in Air Magic
  2896 | D:4      | Reached XP level 6. HP: 32/32 MP: 9/16
  2956 | D:4      | Learned a level 4 spell: Summon Blazeheart Golem
  2961 | D:4      | Learned a level 4 spell: Summon Lightning Spire
  3090 | D:4      | Found a sacrificial altar of Ru.
  3106 | D:4      | Reached skill level 6 in Spellcasting
  3521 | D:4      | Reached skill level 3 in Air Magic
  3546 | D:4      | Reached skill level 3 in Fire Magic
  3546 | D:4      | Reached XP level 7. HP: 36/36 MP: 18/18
  4116 | D:5      | Entered Level 5 of the Dungeon
  4162 | D:5      | Found a staircase to the Ecumenical Temple.
  4244 | Temple   | Entered the Ecumenical Temple
  4277 | D:5      | HP: 3/36 [burnt (4)]
  4279 | D:5      | Incinerated by a bombardier beetle

Vanquished Creatures
  3 goblins (D:3)
  A jackal (D:1)
  A frilled lizard (D:3)
5 creatures vanquished.

Vanquished Creatures (collateral kills)
  Grinder (D:4)
  A phantom (D:4)
  A scorpion (D:5)
  Jessica (D:3)
  5 orc wizards (D:4)
  Robin (D:3)
  4 gnolls (D:2)
  5 adders
  A ribbon worm (D:2)
  5 orcs
  4 bats
  7 endoplasms
  2 giant cockroaches
  7 goblins
  13 hobgoblins
  9 jackals
  3 quokkas
  5 ball pythons
  2 frilled lizards (D:1)
  5 kobolds
  4 rats
86 creatures vanquished.

Grand Total: 91 creatures vanquished

Table legend: (Time is in decaauts)
 A = Elapsed time spent in this place.
 B = Non-inter-level travel time spent in this place.
 C = Inter-level travel time spent in this place.
 D = Time resting spent in this place.
 E = Time spent auto-exploring this place.
 F = Levels seen in this place.
 G = Mean time per level.
                   A        B        C        D        E       F      G
               +--------+--------+--------+--------+--------+-----+--------+
         Total |   4286 |   4162 |    124 |      0 |   3340 |   6 |  714.3 |
       Dungeon |   4284 |   4161 |    123 |      0 |   3340 |   5 |  856.8 |
        Temple |      1 |      1 |      0 |      0 |      0 |   1 |    1.0 |
               +--------+--------+--------+--------+--------+-----+--------+

Top non-repeatable levels by time:
     D:4: 1257 daAuts
     D:3: 1057 daAuts
     D:2: 991 daAuts
     D:1: 817 daAuts
     D:5: 161 daAuts
  Temple: 1 daAuts

Table legend:
 A = Non-vault XP
 B = Vault XP
 C = Vault XP percentage of total XP
 D = Non-vault monster count
 E = Vault monster count
 F = Vault count percentage of total count
                 A         B        C        D         E       F
            +---------+---------+-------+---------+---------+-------
      Total |     416 |     514 |  55.3 |      68 |      23 |  25.3
            +---------+---------+-------+---------+---------+-------
        D:1 |      44 |       0 |   0.0 |      25 |       0 |   0.0
        D:2 |     102 |       2 |   1.9 |      16 |       1 |   5.9
        D:3 |      26 |      72 |  73.5 |       9 |      13 |  59.1
        D:4 |     161 |     440 |  73.2 |      16 |       9 |  36.0
        D:5 |      83 |       0 |   0.0 |       2 |       0 |   0.0
            +---------+---------+-------+---------+---------+-------
